 Seeded DCSS version 0.31-a0-1278-g11c5b68f87 (webtiles) character file.

Game seed: 2784412586281298278 (custom seed)

3754 timneilson the Blocker (level 10, -1/60 HPs)
             Began as a Gargoyle Fighter on Dec 17, 2023.
             Was a Believer of Qazlal.
             Hit by a javelin thrown by a centaur (9 damage)
             ... in a bailey.
             The game lasted 00:17:33 (7843 turns).

timneilson the Blocker (Gargoyle Fighter)           Turns: 7843, Time: 00:17:33

Health: -1/60      AC: 19    Str: 19    XL:     10   Next: 15%
Magic:  3/13       EV: 11    Int: 10    God:    Qazlal [**....]
Gold:   377        SH: 10    Dex: 19    Spells: 9/9 levels left

rFire   . . .        a - +1 long sword (heavy)
rCold   . . .        c - +0 buckler
rNeg    + . .        b - +0 scale mail
rPois   ∞            (no helmet)
rElec   +            (no cloak)
rCorr   .            e - +3 Mad Mage's Maulers {Infuse+∞ VampMP -Cast}
SInv    .            (no boots)
Will    .....        r - amulet of magic regeneration Stlth
                     p - +6 ring of dexterity
HPRegen 0.30/turn    (no ring)
MPRegen 0.53/turn

%: no spellcasting, infuse magic (3 MP)
@: no status effects
A: sickness immunity, AC +7, negative energy resistance 1, electricity
resistance, torment resistance 1, petrification resistance
a: Renounce Religion, Upheaval


You were in a bailey.
You worshipped Qazlal.
Qazlal was pleased with you.
You visited 1 branch of the dungeon, and saw 8 of its levels.
You also visited: Bailey.

You collected 377 gold pieces.

Inventory:

Hand Weapons
 a - a +1 heavy long sword (weapon)
Armour
 b - a +0 scale mail (worn)
 c - a +0 buckler (worn)
 e - the +3 Mad Mage's Maulers (worn) {Infuse+∞ VampMP -Cast}
   (You acquired it on level 1 of the Dungeon)

   Infuse+∞: It empowers its wearer's blows with all of their magic.
   VampMP:    Blows struck in melee replenish the wearer's magic.
   -Cast:     It prevents spellcasting.
 w - a +0 pair of boots
Jewellery
 p - a +6 ring of dexterity (left hand)
 r - an amulet of magic regeneration (around neck)
 t - an amulet of the acrobat
Wands
 q - a wand of light (8)
 s - a wand of digging (1)
 y - a wand of charming (18)
Scrolls
 j - a scroll of enchant weapon
 l - 3 scrolls of teleportation
 n - a scroll of fog
 o - a scroll of brand weapon
 u - a scroll of identify
 v - a scroll of vulnerability
Potions
 d - 2 potions of might
 f - 2 potions of attraction {unknown}
 g - 2 potions of degeneration {unknown}
 h - 4 potions of haste
 i - a potion of enlightenment
 k - 2 potions of heal wounds
 m - a potion of lignification
 z - a potion of curing


   Skills:
 + Level 6.1 Fighting
 * Level 6.3 Long Blades
 * Level 8.0 Armour
 + Level 3.5 Dodging
 * Level 8.0 Shields
 + Level 4.3 Invocations
 + Level 2.7 Evocations


You had 9 spell levels left.
You didn't know any spells.
Your spell library contained the following spells:

 Spells                   Type           Power      Damage    Failure   Level
 Sandblast                Erth           0%         2d4       75%         1
 Passwall                 Tmut/Erth      0%         N/A       87%         2
 Gell's Gravitas          Tloc           0%         N/A       98%         3
 Ignite Poison            Fire/Tmut/Pois 0%         N/A       98%         3
 Stone Arrow              Conj/Erth      0%         3d7       98%         3
 Brom's Barrelling Bould  Conj/Erth      0%         2d3       100%        4
 Vhi's Electric Charge    Tloc/Air       0%         N/A       100%        4
 Arcjolt                  Conj/Air       0%         1d10      100%        5
 Freezing Cloud           Conj/Ice/Air   0%         6-21      100%        5
 Plasma Beam              Fire/Air       0%         2x1d10    100%        6
 Summon Horrible Things   Summ           0%         N/A       100%        8
 Cigotuvi's Dreadful Rot  Necr/Pois/Air  Unusable   N/A       N/A         2

Dungeon Overview and Level Annotations

Branches:
Dungeon (8/15)             Temple (0/1) D:7            Lair (0/5) D:8
 Bailey (1/1)

Altars:
Ashenzari
Gozag
Makhleb
Okawaru
Qazlal
Sif Muna
Trog
Uskayaw
Zin
The Shining One

Shops:
D:7 =

Annotations:
D:4 2 runed translucent doors, timneilson's ghost, amateur GrFi


Innate Abilities, Weirdness & Mutations

You are immune to sickness and miasma.
Your stone body is resilient. (AC +7)
You are immune to poison.
You resist negative energy. (rN+)
You are resistant to electric shocks. (rElec)
You are resistant to unholy torment.
You are immune to petrification.


Message History

The centaur throws a javelin.
The javelin misses you. The orc barely misses you. You block the orc's attack.
The orc barely misses you.
The centaur throws a javelin.
The javelin barely misses you. The orc barely misses you.
The orc hits you but does no damage. You block the orc's attack. x2
Things that are here:
a +0 trident; a +0 ring mail; an orc corpse You slash the orc!
You kill the orc!
Qazlal accepts your kill. The orc closely misses you.
You block the orc's attack. The orc closely misses you. The orc misses you.
The orc barely misses you. The orc misses you.
The orc hits you but does no damage. The orc misses you.
The orc hits you but does no damage.
Things that are here:
a +0 spear; a +0 scale mail; an orc corpse You barely miss the orc.
You block the orc's attack.
The orc hits you from afar with a +0 halberd.
You block the orc's attack.
The orc hits you from afar with a +0 halberd.
* * * LOW HITPOINT WARNING * * *
The orc hits you but does no damage. The orc closely misses you.
The orc hits you but does no damage. The orc closely misses you.
You barely miss the orc. You block the orc's attack. The orc misses you.
The orc barely misses you. You block the orc's attack.
You slash the orc!
You kill the orc!
Qazlal accepts your kill. The orc hits you but does no damage.
The orc barely misses you. The orc closely misses you.
You block the orc's attack. x2
The orc hits you but does no damage.
The centaur throws a javelin.
The javelin pierces through you!
* * * LOW HITPOINT WARNING * * *
You block the orc's attack. The orc closely misses you.
Things that are here:
a +0 spear; a +0 chain mail; an orc corpse The orc hits you but does no damage.
The centaur throws a javelin.
The javelin pierces through you!
You die...

####+##########
#≈............#####
#≈...≈≈≈≈≈≈≈≈≈....##
##≈..≈≈.......≈≈≈o⌠.#
##≈≈....≈≈≈≈≈≈≈.@≈≈oo#
#≈≈...≈≈≈.....≈≈≈§§°o#
≈≈⌠..≈≈..≈≈≈≈≈..≈≈)≈.##
≈≈$.≈≈.≈≈≈...≈≈≈.§§§§c#
≈$.o≈.≈≈..⌠.⌠..≈)§§§§o#
≈...≈.....∩∩∩..≈§§§§§§#
≈$..≈.≈≈..⌠.⌠..≈§§≈.≈o#
≈≈$.≈≈.≈≈≈...≈≈≈.≈.≈≈.#
≈≈⌠.o≈≈..≈≈≈≈≈..≈≈.≈.##


You could see a centaur and 5 orcs.

Vanquished Creatures
  A cyclops (D:8)
  Jeremiah (D:6)
  Sigmund (D:2)
  A wyvern (D:5)
  A steam dragon (D:5)
  2 water moccasins
  Duvessa (D:6)
  An orc warrior (D:8)
  3 ice beasts
  A sky beast (D:7)
  A black bear (D:5)
  2 ogres
  A phantom (D:7)
  A bullfrog (D:6)
  3 scorpions
  A gnoll sergeant (D:6)
  4 wights (D:8)
  Dowan (D:6)
  A howler monkey (D:7)
  A jelly (D:7)
  6 hounds
  6 orc priests
  5 iguanas
  2 orc wizards (D:4)
  12 adders
  13 gnolls
  A shadow imp (D:6)
  3 white imps
  4 ufetubi
  A worm (D:2)
  A dart slug (D:2)
  21 orcs
  7 bats
  9 endoplasms
  4 giant cockroaches
  8 goblins
  A hobgoblin (D:3)
  10 jackals
  4 quokkas
  9 ball pythons
  A frilled lizard (D:1)
  6 kobolds
  6 rats
169 creatures vanquished.

Vanquished Creatures (others)
  An arcanist (D:6)
  An orc wizard (D:4)
  An orc (Bailey)
3 creatures vanquished.

Grand Total: 172 creatures vanquished

Notes
Turn   | Place    | Note
-------+----------+-------------------------------------------
     0 | D:1      | timneilson the Gargoyle Fighter began the quest for the
                  | Orb.
     0 | D:1      | Reached XP level 1. HP: 14/14 MP: 1/1
    22 | D:1      | Identified a scroll of acquirement
    22 | D:1      | Acquired the +3 Mad Mage's Maulers {Infuse+∞ VampMP -Cast}
    22 | D:1      | Found the +3 Mad Mage's Maulers {Infuse+∞ VampMP -Cast}
    92 | D:1      | Reached XP level 2. HP: 19/19 MP: 2/2
   321 | D:1      | Reached XP level 3. HP: 12/23 MP: 1/3
   966 | D:1      | Reached XP level 4. HP: 27/28 MP: 0/4
  1606 | D:2      | Found a burning altar of Makhleb.
  1618 | D:2      | You fall into a shaft and drop 1 floor!
  2001 | D:2      | Noticed Sigmund
  2011 | D:2      | Killed Sigmund
  2012 | D:2      | Reached skill level 1 in Dodging
  2012 | D:2      | Reached XP level 5. HP: 5/33 MP: 1/5
  2012 | D:2      | Reached XP level 6. HP: 6/38 MP: 1/6
  2926 | D:3      | Found a stormy altar of Qazlal.
  2929 | D:3      | Became a worshipper of Qazlal Stormbringer
  2954 | D:3      | Found a glowing golden altar of the Shining One.
  3393 | D:3      | Found an iron altar of Okawaru.
  3401 | D:3      | Found a shimmering blue altar of Sif Muna.
  3650 | D:4      | Found a large runed translucent door.
  3651 | D:4      | Found a large runed translucent door.
  3655 | D:4      | Reached skill level 5 in Armour
  3664 | D:4      | Reached skill level 5 in Shields
  3717 | D:4      | Noticed timneilson's ghost (amateur GrFi)
  3737 | D:4      | Reached XP level 7. HP: 43/43 MP: 0/7
  3752 | D:4      | Reached skill level 1 in Invocations
  4499 | D:5      | Entered Level 5 of the Dungeon
  4645 | D:5      | Found a broken altar of Ashenzari.
  4772 | D:5      | Reached * piety under Qazlal
  5100 | D:5      | Reached XP level 8. HP: 48/48 MP: 9/9
  6082 | D:6      | Found an opulent altar of Gozag.
  6101 | D:6      | Reached skill level 5 in Fighting
  6122 | D:6      | Noticed a wyvern
  6133 | D:5      | Killed a wyvern
  6201 | D:6      | Noticed Duvessa
  6208 | D:5      | Reached skill level 1 in Evocations
  6320 | D:6      | Noticed Dowan
  6324 | D:6      | Reached skill level 5 in Long Blades
  6325 | D:6      | Reached XP level 9. HP: 35/54 MP: 3/11
  6405 | D:6      | Killed Duvessa
  6406 | D:6      | Killed Dowan
  6675 | D:6      | Noticed Jeremiah
  6681 | D:6      | Killed Jeremiah
  6683 | D:6      | Reached ** piety under Qazlal
  6791 | D:6      | Found a glowing silver altar of Zin.
  6845 | D:6      | Found a bloodstained altar of Trog.
  6847 | D:6      | Noticed an arcanist
  6851 | D:6      | Killed an arcanist
  7054 | D:7      | Found Hyose's Jewellery Shoppe.
  7165 | D:7      | Found a hide-covered altar of Uskayaw.
  7370 | D:7      | Found a staircase to the Ecumenical Temple.
  7391 | D:7      | Got the Omnibus of Amassed Position
  7589 | D:8      | Noticed a cyclops
  7592 | D:8      | Reached XP level 10. HP: 32/60 MP: 5/13
  7597 | D:8      | Killed a cyclops
  7647 | D:8      | Found a staircase to the Lair.
  7796 | D:8      | Found a flagged portal.
  7805 | Bailey   | Entered a bailey
  7843 | Bailey   | Hit by a javelin thrown by a centaur

Illustrated notes

Levels and vault maps discovered:
D:1:      nzn_arrival_settlement, layout_loops_ring, minmay_heptomino_h4
D:2:      layout_loops_ring, basic_altar, uniq_sigmund
D:3:      layout_rooms, mainiacjoe_overflow_swirl,
          amethyst_overflow_temple_binary, serial_bayou_lagoon_b
D:4:      layout_rooms, ebering_ghost_disaster_area
D:5:      layout_loops_ring, mainiacjoe_overflow_surrounded_room
D:6:      layout_rooms, pdpol_temple_overflow_zin_treasury_gozag_greed,
          trog_wizard, uniq_jeremiah, uniq_duvessa
D:7:      layout_cave_pools, nicolae_uskayaw_murder_on_the_dancefloor,
          temple_pool_b, serial_shops, nicolae_shop_just_a_little_nook
D:8:      layout_gridville, dpeg_oklobed_lair, enter_bailey_2,
          kennysheep_nondescript, dreamdust_mushroom_princess
Bailey:   bailey_polearm_flooded_kennysheep, bailey

Skill      XL: |  1  2  3  4  5  6  7  8  9 10 |
---------------+-------------------------------+-----
Long Blades    | 2 3 4 5 6 |  6.3
Armour         | 4 5 6 7 8 |  8.0
Shields        | 4 5 6 7 8 |  8.0
Fighting       | 4 5 6 |  6.1
Dodging        | 1 2 3 |  3.5
Invocations    | 1 2 4 |  4.3
Evocations     | 1 2 |  2.7

Action                     |  1- 3 |  4- 6 |  7- 9 | 10-12 || total
---------------------------+-------+-------+-------+-------++-------
  Melee: Long sword        |    86 |    88 |   172 |    15 ||   361
  Evoke: Wand              |       |       |     4 |       ||     4
    Use: Scroll            |     1 |     6 |     7 |     1 ||    15
         Potion            |       |       |       |     1 ||     1
 Armour: Scale mail        |    55 |    56 |   162 |    36 ||   309
  Dodge: Dodged            |    52 |    41 |   129 |    29 ||   251
  Block: Buckler           |    19 |    14 |    85 |    31 ||   149

Table legend: (Time is in decaauts)
 A = Elapsed time spent in this place.
 B = Non-inter-level travel time spent in this place.
 C = Inter-level travel time spent in this place.
 D = Time resting spent in this place.
 E = Time spent auto-exploring this place.
 F = Levels seen in this place.
 G = Mean time per level.
                   A        B        C        D        E       F      G
               +--------+--------+--------+--------+--------+-----+--------+
         Total |   8096 |   7931 |    165 |    327 |   5787 |   9 |  899.6 |
       Dungeon |   8053 |   7888 |    165 |    327 |   5787 |   8 | 1006.6 |
        Bailey |     43 |     43 |      0 |      0 |      0 |   1 |   43.0 |
               +--------+--------+--------+--------+--------+-----+--------+

Top non-repeatable levels by time:
     D:5: 1885 daAuts
     D:2: 1430 daAuts
     D:1: 1202 daAuts
     D:4: 1062 daAuts
     D:3: 936 daAuts
     D:6: 706 daAuts
     D:7: 514 daAuts
     D:8: 315 daAuts
  Bailey: 43 daAuts
